AoeStats
← Edmond Dantès

Arena

503974088Analyzed
4v4 RM · 1mo ago on Sep 3, 2026· 40m 46s· 8 players
Game mode
Random Map
Map size
Large (8 player)
Population
200
Speed
Normal
Resources
Standard
Victory
Conquest
Starting age
Dark Age
Ending age
Imperial Age
RankedLock teamsTeams togetherTeam positionsShared explorationLock speedFull tech treeHidden civsTurbo modeCheats
Victory
Defeat
🇺🇸 Vietnamese · United States
1910
+6
🇺🇸 Khitans · United States
1841
+8
🇺🇸 Poles · United States
1799
+10
🇸🇬 Ethiopians · Singapore
1660
+16
🇪🇸 Malay · Spain
1805
-16
🇮🇹 Franks · Italy
1646
-9
🇨🇳 Bulgarians · China
1637
-9
🇨🇳 Aztecs · China
1560
-6
Edmond Dantès
10:23 Feudal Age
9:49 Loom
16:19 Castle Age
15:49 Double-Bit Axe
17:01 Fletching
32:11 Bow Saw
35:51 Wheelbarrow
39:21 Imperial Age
37:21 Stone Mining
37:21 Gold Mining
37:50 Scale Barding Armor
38:14 Hand Cart
39:08 Husbandry
40:27 Chain Barding Armor
39:39 Cavalier
AutoClickerv3
11:11 Feudal Age
10:57 Double-Bit Axe
11:01 Horse Collar
16:54 Castle Age
15:35 Gold Mining
23:20 Wheelbarrow
22:31 Loom
23:29 Bow Saw
24:48 Heavy Plow
25:12 Hand Cart
28:55 Imperial Age
27:12 Ballistics
26:46 Fletching
27:34 Gold Shaft Mining
26:39 Crossbowman
27:47 Thumb Ring
27:56 Bodkin Arrow
28:02 Padded Archer Armor
29:27 Chemistry
28:06 Arbalester
29:52 Bracer
30:07 Leather Archer Armor
29:38 Treadmill Crane
31:40 Ring Archer Armor
32:22 Murder Holes
32:38 Masonry
34:08 Forging
啦啦啦啦啦啦
11:12 Feudal Age
12:39 Double-Bit Axe
15:37 Castle Age
13:31 Horse Collar
19:09 Bow Saw
22:02 Loom
26:59 Wheelbarrow
26:23 Gold Mining
30:27 Imperial Age
28:21 Crossbowman
28:27 Pikeman
29:08 Squires
29:02 Fletching
29:12 Padded Archer Armor
30:05 Ballistics
29:42 Bodkin Arrow
31:08 Gold Shaft Mining
30:51 Hand Cart
30:51 Scale Mail Armor
31:02 Forging
31:07 Leather Archer Armor
30:31 Arbalester
31:16 Bracer
32:24 Chemistry
31:49 Town Watch
31:58 Stone Mining
32:50 Leather Archer Armor
32:50 Chain Mail Armor
33:11 Iron Casting
34:10 Garland Wars
36:30 Plate Mail Armor
37:00 Blast Furnace
37:11 Eagle Warrior
37:37 Arson
37:38 Gambesons
38:33 Elite Eagle Warrior
38:39 Elite Skirmisher
40:02 Atlatl
40:07 Murder Holes
小白
10:35 Feudal Age
14:01 Castle Age
12:16 Double-Bit Axe
12:51 Horse Collar
18:43 Loom
21:32 Bow Saw
23:32 Wheelbarrow
23:20 Heavy Plow
25:04 Gold Mining
25:31 Stone Mining
29:37 Imperial Age
27:55 Gold Shaft Mining
27:32 Fletching
27:55 Scale Barding Armor
28:08 Stirrups
29:24 Stone Shaft Mining
29:09 Hand Cart
29:18 Chain Barding Armor
29:11 Bloodlines
29:17 Husbandry
31:05 Plate Barding Armor
31:05 Crop Rotation
30:59 Conscription
31:05 Forging
31:05 Elite Konnik
33:06 Iron Casting
32:52 Ballistics
34:54 Blast Furnace
34:51 Scale Mail Armor
34:53 Squires
36:20 Chain Mail Armor
36:12 Bodkin Arrow
37:29 Plate Mail Armor
36:46 Gambesons
38:33 Bracer
Kazi
11:14 Feudal Age
15:15 Castle Age
13:13 Double-Bit Axe
13:40 Horse Collar
16:15 Bow Saw
16:22 Heavy Plow
19:03 Wheelbarrow
23:05 Hand Cart
23:15 Gold Mining
25:19 Loom
25:59 Scale Barding Armor
26:05 Forging
28:56 Imperial Age
26:35 Stone Mining
27:09 Chain Barding Armor
28:07 Iron Casting
28:35 Stone Shaft Mining
29:21 Elite Battle Elephant
30:04 Chatras
30:52 Plate Barding Armor
30:30 Bloodlines
30:20 Husbandry
32:31 Chemistry
33:31 Fletching
34:22 Bombard Tower
34:50 Bodkin Arrow
35:17 Ballistics
34:38 Treadmill Crane
35:49 Bracer
36:26 Crop Rotation
37:42 Herbal Medicine
38:17 Paper Money
39:04 Murder Holes
40:01 Caravan
calypso1119
10:11 Feudal Age
14:04 Castle Age
12:47 Double-Bit Axe
13:10 Horse Collar
14:17 Town Watch
18:39 Bow Saw
21:17 Wheelbarrow
25:42 Imperial Age
23:04 Crossbowman
24:10 Fletching
24:50 Gold Mining
25:50 Bodkin Arrow
25:57 Padded Archer Armor
26:21 Ballistics
27:40 Chemistry
26:41 Bracer
28:12 Leather Archer Armor
31:07 Siege Engineers
32:15 Arbalester
33:42 Thumb Ring
34:45 Conscription
37:07 Ring Archer Armor
38:49 Torsion Engines
39:23 Loom
Fost
10:48 Feudal Age
11:05 Feudal Age
15:26 Castle Age
14:00 Double-Bit Axe
15:31 Light Cavalry
18:21 Wheelbarrow
20:08 Hand Cart
20:21 Loom
23:52 Town Watch
25:33 Gold Mining
25:34 Stone Mining
25:35 Domestication
26:07 Bow Saw
30:20 Imperial Age
28:10 Husbandry
28:17 Scale Barding Armor
28:13 Murder Holes
27:59 Treadmill Crane
28:29 Pastoralism
28:36 Pastoralism
29:32 Chain Barding Armor
29:24 Forging
30:39 Elite Steppe Lancer
32:15 Plate Barding Armor
32:43 Iron Casting
32:21 Fletching
33:32 Two-Man Saw
33:41 Two-Man Saw
34:14 Chemistry
33:35 Ballistics
34:13 Padded Archer Armor
34:25 Masonry
35:03 Elite Skirmisher
35:40 Bodkin Arrow
36:00 Leather Archer Armor
36:28 Coinage
36:07 Imperial Skirmisher
36:28 Hussar
37:15 Bracer
38:16 Ring Archer Armor
39:14 Conscription
39:01 Lamellar Armor
39:07 Ordo Cavalry
39:35 Elite Liao Dao
40:20 Scale Mail Armor
40:53 Parthian Tactics
Choo Choo Chud
8:27 Feudal Age
7:00 Loom
8:56 Double-Bit Axe
11:13 Fletching
16:19 Horse Collar
21:34 Castle Age
22:18 Bodkin Arrow
22:45 Heavy Plow
22:56 Bow Saw
22:53 Guard Tower
27:59 Town Watch
31:57 Wheelbarrow
35:23 Imperial Age
33:17 Hand Cart
33:05 Gold Mining
33:06 Stone Mining
34:54 Padded Archer Armor
35:07 Fortified Wall
35:30 Ballistics
35:03 Elite Skirmisher
35:48 Thumb Ring
35:59 Leather Archer Armor
36:18 Bracer
36:01 Imperial Skirmisher
37:51 Chemistry
39:23 Siege Engineers
40:24 Crop Rotation
Connection lost

Rejoining the realm…

Still unreachable

The connection could not be restored.

Session expired

The server has moved on; the page needs a fresh start.